Map: Cyber Forest LE

Players

LastGamer - Winner!

  • Race: Zerg Zerg
  • League: Master
  • Spawn Location: 11:00

AMERICA

  • Race: Protoss Protoss
  • League: Master
  • Spawn Location: 5:00

VOD

Have the link to the VOD?

Description

Time

  • Played on: March 10, 2019, 1:23 p.m.
  • Length: 8:09
Show
View Real Time Build Order
Export as new Build Order

LastGamer Zerg - Winner!

Build Orders: Hatch First 

Get SALT Encoding   

  12  0:03  Drone  
  13  0:13  Overlord  
  13  0:17  Drone  
  14  0:32  Drone  
  14  0:33  Drone  
  16  0:50  Hatchery  
  16  0:54  Drone  
  16  0:56  Drone  
  17  1:00  Drone  
  18  1:10  Extractor  
  17  1:12  Drone  
  18  1:23  Drone  
  19  1:36  Drone  
  20  1:42  Spawning Pool  
  19  1:57  Drone x2  
  21  2:10  Hatchery  
  20  2:31  Zergling x4  
  20  2:35  Evolution Chamber, Metabolic Boost  
  20  2:36  Zergling x2  
  22  2:40  Spore Crawler  
  21  2:51  Queen  
  21  2:52  Extractor  
  22  3:04  Hatchery  
  22  3:07  Overlord x2  
  22  3:08  Overlord  
  22  3:15  Zerg Melee Weapons Level 1  
  22  3:24  Zergling x2  
  23  3:30  Queen  
  26  3:34  Zergling x2  
  26  3:37  Zergling x2  
  27  3:42  Zergling x2  
  27  3:44  Zergling x2  
  29  3:48  Zergling x2  
  29  3:51  Zergling x2  
  31  3:56  Zergling x2  
  31  4:02  Zergling x4  
  34  4:05  Zergling x2  
  34  4:07  Zergling x2  
  35  4:15  Zergling x4  
  36  4:19  Zergling x2  
  36  4:25  Zergling x2  
  36  4:30  Queen  
  39  4:36  Zergling x2  
  40  4:39  Zergling x4  
  40  4:45  Zergling x2  
  42  4:48  Zergling x2  
  42  4:50  Zergling x2  
  41  4:55  Zergling x2  
  41  4:56  Zergling x2  
  41  5:02  Zergling x2  
  41  5:05  Drone  
  43  5:15  Drone  
  43  5:20  Spine Crawler  
  41  5:32  Drone  
  41  5:33  Drone x4  
  40  5:37  Spine Crawler  
  40  5:38  Drone  
  30  5:50  Drone x3  
  30  5:54  Overlord  
  32  6:02  Drone x2  
  34  6:15  Spine Crawler  
  33  6:19  Drone x3  
  36  6:27  Queen  
  36  6:29  Zergling x2  
  39  6:36  Spine Crawler  
  39  6:42  Zergling x8  
  43  6:49  Zergling x6  
  43  6:53  Zergling x4  
  48  6:56  Zergling x2  
  48  6:58  Zergling x2  
  48  7:00  Zergling x2  
  51  7:02  Zergling x2  
  52  7:09  Zergling x2  
  52  7:10  Zergling x4  
  52  7:11  Zergling x2  
  52  7:12  Zergling x2  
  57  7:19  Zergling x2  
  57  7:20  Zergling x6  
  60  7:23  Zergling x2  
  60  7:26  Zergling x2  
  56  7:31  Zergling x6  
  56  7:33  Zergling x2  
  56  7:35  Zergling x2  
  58  7:37  Zergling x2  
  58  7:40  Zergling x2  
  58  7:41  Zergling x2  
  59  7:45  Zergling x2  
  59  7:49  Zergling x2  
  59  7:58  Spine Crawler  
Show
View Real Time Build Order
Export as new Build Order

AMERICA Protoss 

Build Orders:  

Get SALT Encoding   

  12  0:01  Probe  
  13  0:13  Probe  
  14  0:19  Pylon  
  14  0:25  Probe  
  15  0:37  Probe  
  15  0:40  Forge  
  16  0:54  Pylon  
  16  0:58  Pylon  
  16  1:04  Pylon  
  16  1:14  Photon Cannon  
  16  1:17  Gateway  
  16  1:27  Pylon  
  16  1:38  Probe, Photon Cannon  
  17  1:41  Assimilator  
  17  1:47  Assimilator  
  17  1:59  Probe  
  18  2:08  Probe  
  18  2:11  Cybernetics Core  
  19  2:16  Probe  
  20  2:25  Probe  
  20  2:27  Assimilator  
  21  2:37  Probe  
  22  2:53  Stalker  
  22  2:57  Photon Cannon  
  24  2:58  Warp Gate  
  24  2:59  Shield Battery  
  24  3:05  Probe  
  25  3:13  Pylon  
  25  3:23  Stalker  
  27  3:37  Photon Cannon  
  27  3:42  Gateway  
  27  3:52  Pylon  
  25  4:32  Pylon  
  25  4:33  Photon Cannon  
  25  4:35  Shield Battery  
  25  4:47  Sentry  
  25  4:51  Adept  
  25  5:02  Photon Cannon  
  25  5:08  Probe, Robotics Facility  
  26  5:16  Probe  
  27  5:23  Adept  
  29  5:42  Pylon  
  27  5:45  Adept  
  27  5:48  Shield Battery  
  29  5:50  Immortal  
  33  6:21  Cybernetics Core  
  33  6:43  Warp Prism  
  35  6:56  Gateway  
  35  7:03  Adept  
  37  7:16  Immortal  
  37  7:34  Adept  
  39  7:41  Shield Battery  
  39  7:43  Photon Cannon  
  39  7:56  Pylon  
Tags
 
Add a new tag
Caveats
  • Supply blocks, unpowered buildings, or Contaminate may cause inaccurate times.
  • Supply counts are checked every 10 seconds.